 Dungeon Crawl Stone Soup version 0.22-a0-469-gf26638a (webtiles) character file.

83 4thArraOfDagon the Chopper (level 4, -1/41 HPs)
             Began as a Hill Orc Monk on June 12, 2018.
             Was a Believer of Okawaru.
             Slain by Grinder (5 damage)
             ... while paralysed by Grinder
             ... on level 6 of the Dungeon.
             The game lasted 00:01:54 (484 turns).

4thArraOfDagon the Chopper (Hill Orc Monk)           Turns: 484, Time: 00:01:54

Health: -1/41      AC:  2    Str: 13    XL:     4   Next: 44%
Magic:  2/4        EV:  2    Int: 11    God:    Okawaru [**....]
Gold:   69         SH:  0    Dex: 13    Spells: 3/3 levels left

rFire    . . .     SeeInvis .   d - +2 trident (pierce)
rCold    . . .     Gourm    .   (no shield)
rNeg     . . .     Faith    .   b - +0 robe
rPois    .         Spirit   .   (no helmet)
rElec    .         Reflect  .   (no cloak)
rCorr    .         Harm     .   (no gloves)
MR       .....                  (no boots)
Stlth    +++.......             (no amulet)
HPRegen  0.13/turn              (no ring)
MPRegen  0.09/turn              (no ring)

@: paralysed, heroism
A: no striking features
a: Heroism, Renounce Religion


You were on level 6 of the Dungeon.
You worshipped Okawaru.
Okawaru was pleased with you.
You were not hungry.

You visited 1 branch of the dungeon, and saw 5 of its levels.

You collected 69 gold pieces.

Inventory:

Hand Weapons
 a - a +0 hand axe
 d - a +2 trident of piercing (weapon)
Armour
 b - a +0 robe (worn)
Scrolls
 f - a scroll of remove curse {unknown}
 g - a scroll of magic mapping {unknown}
 h - a scroll of enchant armour {unknown}
 i - a scroll of teleportation {unknown}
Comestibles
 c - 2 rations


   Skills:
 + Level 4.5(9.5) Fighting
 * Level 5.9(10.9) Axes
 - Level 2.4(7.4) Dodging
 - Level 1.5(6.5) Stealth
 + Level 1.0 Invocations


You had 3 spell levels left.
You didn't know any spells.
Your spell library contained the following spells:

 Spells                   Type           Power        Failure   Level  Hunger
 Spider Form              Tmut/Pois      #.........   71%         3    ####...
 Blade Hands              Tmut           #.........   100%        5    ######.
 Ice Form                 Ice/Tmut       #.......     98%         4    #####..
 Sticks to Snakes         Tmut           #.......     47%         2    ###....
 Beastly Appendage        Tmut           #.....       34%         1    ##.....


Dungeon Overview and Level Annotations

Branches:
Dungeon (4/15)
 Temple: D:4-7

Altars:
Okawaru

Annotations:
D:6 Grinder


Message History

You gain the combat prowess of a mighty hero.
Attack whom?
Press: ? - help, Dir - move target cursor, f - Grinder
Aim: Grinder You reach to attack!
You puncture Grinder!
Grinder is moderately wounded.
You puncture Grinder!
Grinder is heavily wounded.
Grinder gestures at you.
You suddenly lose the ability to move!
Grinder hits you.
* * * LOW HITPOINT WARNING * * *
Grinder gestures at you.
You shrug off the repeated paralysis!
Grinder hits you.
* * * LOW HITPOINT WARNING * * *
Grinder hits you!
* * * LOW HITPOINT WARNING * * *
You writhe in agony.
You die...

..##
#..#
#..##
##..#
#..##
##..#
#..##
##..#
#@.#
##5.#
..#
...#
#....
....#
...##
...#


You could see Grinder.

Vanquished Creatures
  An orc priest (D:4)
  3 adders
  An ooze (D:4)
  A worm (D:4)
  2 orcs (D:4)
  A giant cockroach (D:3)
  5 goblins
  3 hobgoblins
  A quokka (D:2)
  A kobold (D:3)
19 creatures vanquished.

Notes
Turn   | Place    | Note
-------+----------+-------------------------------------------
     0 | D:1      | 4thArraOfDagon the Hill Orc Monk began the quest for the Orb.
     0 | D:1      | Reached XP level 1. HP: 19/19 MP: 1/1
   101 | D:3      | Reached XP level 2. HP: 27/27 MP: 2/2
   276 | D:3      | Reached skill level 5 in Axes
   303 | D:3      | Reached XP level 3. HP: 33/33 MP: 3/3
   406 | D:4      | Found an iron altar of Okawaru.
   414 | D:4      | Became a worshipper of Warmaster Okawaru
   414 | D:4      | Reached * piety under Okawaru
   414 | D:4      | Reached ** piety under Okawaru
   436 | D:4      | Reached skill level 1 in Invocations
   436 | D:4      | Reached XP level 4. HP: 10/41 MP: 1/4
   470 | D:4      | You fall through a shaft for 2 floors!
   474 | D:6      | Noticed Grinder
   480 | D:6      | Paralysed by Grinder for 6 turns
   484 | D:6      | Slain by Grinder

Vault maps used:
D:1:      minmay_arrival_four_houses, minmay_misc_feat_plants
D:2:      lemuel_round_altar, yredelemnul_altar_generic, hex_tiny
D:3:      first_ration, uniq_crazy_yiuf_cottage, uniq_terence
D:4:      cheibrodos_old_hovel, okawaru_gym_becter, serial_shops,
          kennysheep_mini_moat, st_stairs_12, bloody_trog
D:6:      uniq_eustachio, uniq_grinder

Skill      XL: |  1  2  3 |
---------------+----------+-----
Fighting       | 4 |  4.5
Axes           | 5 |  5.9
Invocations    | 1 |  1.0
Dodging        | |  2.4
Stealth        | |  1.5

Action                   |  1- 3 |  4- 6 || total
-------------------------+-------+-------++-------
Melee: Hand axe          |    67 |       ||    67
       Trident           |       |     2 ||     2
Invok: Heroism           |     1 |     1 ||     2
  Use: Potion            |     2 |       ||     2
Armor: Robe              |     4 |       ||     4
       Skin              |     8 |       ||     8
Dodge: Dodged            |    51 |       ||    51

Table legend:
 A = Spawn XP
 B = Non-spawn XP
 C = Spawn XP percentage of total XP
 D = Spawn monster count
 E = Non-spawn monster count
 F = Spawn count percentage of total count
 G = Total turns spent on level
                    A         B        C        D         E        F      G
               +---------+---------+-------+---------+---------+-------+---------
         Total |       0 |     119 |   0.0 |       0 |      19 |   0.0 |   484
               +---------+---------+-------+---------+---------+-------+---------
           D:2 |       0 |      10 |   0.0 |       0 |       5 |   0.0 |    69
           D:3 |       0 |      24 |   0.0 |       0 |       7 |   0.0 |   242
           D:4 |       0 |      85 |   0.0 |       0 |       7 |   0.0 |   138
               +---------+---------+-------+---------+---------+-------+---------
